 Dungeon Crawl Stone Soup version 0.31-a0-221-gbddc013574 (webtiles) character file.

Game seed: 14006979525026830511

35 qw the Shooter (level 3, -1/21 HPs)
             Began as a Gargoyle Hexslinger on July 3, 2023.
             Slain by Sigmund
             ... wielding a +3 scythe of protection
              (9 damage)
             ... on level 2 of the Dungeon.
             The game lasted 00:00:23 (1127 turns).

qw the Shooter (Gargoyle Hexslinger)                Turns: 1127, Time: 00:00:23

Health: -1/21      AC:  9    Str: 11    XL:     3   Next: 33%
Magic:  4/4        EV: 10    Int: 13    God:
Gold:   30         SH:  0    Dex: 14    Spells: 3/4 levels left

rFire   . . .        j - +1 sling (heavy)
rCold   . . .        (no shield)
rNeg    + . .        f - +0 ring mail
rPois   inf          (no helmet)
rElec   +            (no cloak)
rCorr   .            e - +0 pair of gloves
SInv    .            (no boots)
Will    .....        (no amulet)
Stlth   +            (no ring)
HPRegen 0.23/turn    (no ring)
MPRegen 0.09/turn

%: no passive effects
@: no status effects
A: sickness immunity, AC +3, negative energy resistance 1, electricity
resistance, torment resistance 1, petrification resistance
a: no special abilities


You were on level 2 of the Dungeon.
You visited 1 branch of the dungeon, and saw 2 of its levels.

You collected 30 gold pieces.


Innate Abilities, Weirdness & Mutations

You are immune to sickness and miasma.
Your stone body is resilient. (AC +3)
You are immune to poison.
You resist negative energy. (rN+)
You are resistant to electric shocks. (rElec)
You are resistant to unholy torment.
You are immune to petrification.


   Skills:
 - Level 2.1 Fighting
 - Level 3.0 Ranged Weapons
 + Level 0.8 Armour
 - Level 1.5 Dodging
 - Level 1.0 Spellcasting
 - Level 2.6 Hexes


You had 3 spell levels left.
You knew the following spells:

 Your Spells              Type           Power      Damage    Failure   Level
a - Slow                  Hex            28%        N/A       22%         1

Your spell library contained the following spells:

 Spells                   Type           Power      Damage    Failure   Level
 Inner Flame              Hex/Fire       4%         N/A       75%         3
 Portal Projectile        Hex/Tloc       8%         N/A       75%         3
 Cause Fear               Hex            3%         N/A       92%         4

Inventory:

Hand Weapons
 j - a +1 heavy sling (weapon)
Armour
 c - a +0 helmet
 e - a +0 pair of gloves (worn)
 f - a +0 ring mail (worn)
Scrolls
 b - a scroll of brand weapon
 Y - 2 scrolls of teleportation
Potions
 a - a potion of curing {unknown}
 h - a potion of heal wounds {unknown}
 i - a potion of lignification {unknown}
 k - a potion of might {unknown}

Dungeon Overview and Level Annotations

Branches:
Dungeon (2/15)

Altars:

Annotations:
D:2 Sigmund


Message History

Y - 2 scrolls of teleportation (gained 1) Sigmund the Dreaded comes into view.
He is wielding a +3 scythe of protection.
Found 14 gold pieces.
Sigmund shouts!
Enter note:
Enter note:
Enter note:
Enter note: You shoot a sling bullet.
The sling bullet closely misses Sigmund.
Sigmund is suddenly surrounded by pale green light.
You shoot a sling bullet. The sling bullet barely misses Sigmund.
You shoot a sling bullet.
The sling bullet closely misses Sigmund.
Sigmund says, "Look into my eyes."
Sigmund hits you from afar with a +3 scythe of protection.
You shoot a sling bullet. The sling bullet hits Sigmund!
Sigmund is heavily wounded.
Sigmund points at you and mumbles some strange words.
You are confused.
Sigmund gestures at you while chanting. The puff of flame hits you.
Sigmund hits you from afar with a +3 scythe of protection!
Enter note:
Enter note:
Enter note: Sigmund hits you but does no damage.
Sigmund barely misses you.
Sigmund hits you from afar with a +3 scythe of protection.
You feel less confused.
Enter note:
Enter note:
Enter note:
Enter note:
Enter note:
Enter note:
1127 ||| UPGRADING to +0 helmet.
Sigmund hits you from afar with a +3 scythe of protection!
Keep equipping yourself?
You die...

##
##.#########
#....@..$...
#....# ###
#...@#
........#.##
#.#####.#.#
#.# #.#.#
#.# #.#.#
#.# ##.#.#
#.####....#
#......#..#
###.##...##


You could see Sigmund.

Vanquished Creatures
  3 worms (D:2)
  2 bats (D:2)
  3 endoplasms (D:1)
  2 giant cockroaches (D:1)
  4 hobgoblins (D:1)
  4 kobolds
  2 ball pythons (D:1)
  A frilled lizard (D:1)
  2 rats
23 creatures vanquished.

Notes
Turn   | Place    | Note
-------+----------+-------------------------------------------
     0 | D:1      | qw the Gargoyle Hexslinger began the quest for the Orb.
     0 | D:1      | Reached XP level 1. HP: 12/12 MP: 2/2
     0 | D:1      | 0 ||| qw: Version: 0.3-a-40-ge99b1a8
     0 | D:1      | 0 ||| qw: Game counter: 552
     0 | D:1      | 0 ||| qw: Melee chars always use a shield: true
     0 | D:1      | 0 ||| qw: God list: Okawaru
     0 | D:1      | 0 ||| qw: Allow faded altars: false
     0 | D:1      | 0 ||| qw: Do Orc after clearing Dungeon:15 true
     0 | D:1      | 0 ||| qw: Do second Lair branch before Depths: true
     0 | D:1      | 0 ||| qw: Lair rune preference: random
     0 | D:1      | 0 ||| qw: Goals: Normal
     0 | D:1      | 0 ||| PLANNING D:1-11
   210 | D:1      | Reached XP level 2. HP: 16/16 MP: 3/3
   273 | D:1      | Reached skill level 3 in Ranged Weapons
   277 | D:1      | Found a faded altar of an unknown god.
   824 | D:1      | 824 ||| UPGRADING to +0 leather armour.
   834 | D:1      | 834 ||| DROPPING +0 robe.
   835 | D:1      | 835 ||| UPGRADING to +0 pair of gloves.
   840 | D:1      | 840 ||| UPGRADING to +0 ring mail.
   850 | D:1      | 850 ||| DROPPING +0 leather armour.
   851 | D:1      | 851 ||| READING scroll labelled RYQAKK QADEHI.
   852 | D:1      | 852 ||| READING 2 scrolls labelled YKLEKK SITOGIS.
   856 | D:1      | 856 ||| DROPPING scroll of poison.
   906 | D:2      | Reached XP level 3. HP: 21/21 MP: 4/4
  1115 | D:2      | Noticed Sigmund
  1127 | D:2      | 1127 ||| UPGRADING to +0 helmet.
  1127 | D:2      | Slain by Sigmund

Levels and vault maps discovered:
D:1:      sevenhm_arrival_forest_fort_small_1, layout_basic,
          ebering_ecumenical_altar_box
D:2:      layout_loops_ring, basic_altar, minmay_rat_hole, uniq_sigmund

Skill      XL: |  1  2  3 |
---------------+----------+-----
Ranged Weapons | 3 |  3.0
Fighting       | 2 |  2.1
Armour         | |  0.8
Dodging        | |  1.5
Spellcasting   | |  1.0
Hexes          | |  2.6

Action                     || total
---------------------------++-------
   Fire: Sling             ||    89
    Use: Scroll            ||     2
 Armour: Robe              ||    10
         Ring mail         ||     8
  Dodge: Dodged            ||    24

Table legend:
 A = Non-vault XP
 B = Vault XP
 C = Vault XP percentage of total XP
 D = Non-vault monster count
 E = Vault monster count
 F = Vault count percentage of total count
                 A         B        C        D         E       F
            +---------+---------+-------+---------+---------+-------
      Total |      50 |       0 |   0.0 |      23 |       0 |   0.0
            +---------+---------+-------+---------+---------+-------
        D:1 |      29 |       0 |   0.0 |      16 |       0 |   0.0
        D:2 |      21 |       0 |   0.0 |       7 |       0 |   0.0
            +---------+---------+-------+---------+---------+-------
